 Dungeon Crawl Stone Soup version 0.29.1-12-g30fa7ad0bf (webtiles) character file.

Game seed: 13710047516287848400

97 kingsuperguy the Slasher (level 4, 0/61 HPs)
             Began as a Minotaur Berserker on Dec 17, 2022.
             Was a Believer of Trog.
             Slain by an iguana (7 damage)
             ... on level 3 of the Dungeon.
             The game lasted 00:02:39 (2370 turns).

kingsuperguy the Slasher (Minotaur Berserker)       Turns: 2370, Time: 00:02:40

Health: 0/61       AC:  7    Str: 23    XL:     4   Next: 42%
Magic:  3/3        EV: 11    Int:  4    God:    Trog [**....]
Gold:   62         SH:  0    Dex: 10    Spells: 3/3 levels left

rFire   + . .      SeeInvis .   m - +0 long sword
rCold   . . .      Faith    .   (no shield)
rNeg    . . .      Spirit   .   k - +2 ring mail {rF+}
rPois   .          Reflect  .   (helmet restricted)
rElec   .          Harm     .   (no cloak)
rCorr   .          Rampage  .   (no gloves)
Will    .....                   (no boots)
Stlth   ..........              (no amulet)
HPRegen 0.20/turn               (no ring)
MPRegen 0.08/turn               (no ring)

@: berserking, very quick
A: horns 2, retaliatory headbutt
a: Renounce Religion, Berserk, Trog's Hand


You were on level 3 of the Dungeon.
You worshipped Trog.
Trog was pleased with you.
You visited 1 branch of the dungeon, and saw 3 of its levels.

You collected 62 gold pieces.

Inventory:

Hand Weapons
 a - a +0 falchion
 m - a +0 long sword (weapon)
Missiles
 n - 2 javelins (quivered)
Armour
 b - a +0 animal skin
 c - a +0 leather armour
 e - a +0 ring mail
 g - a +0 chain mail
 k - a +2 ring mail of fire resistance (worn)
Scrolls
 d - a scroll of identify {unknown}
 f - 2 scrolls of teleportation {unknown}
 h - a scroll of noise {unknown}
 j - a scroll of silence {unknown}
 l - a scroll of immolation {unknown}
 q - a scroll of fog {unknown}
Potions
 i - a potion of mutation {unknown}
 o - a potion of magic {unknown}
 p - a potion of haste {unknown}


   Skills:
 + Level 4.5 Fighting
 + Level 4.8 Long Blades
 + Level 3.2 Armour
 + Level 2.8 Dodging


You had 3 spell levels left.
You didn't know any spells.
Your spell library was empty.

Dungeon Overview and Level Annotations

Branches:
Dungeon (3/15)

Altars:

Shops:
D:1 *


Innate Abilities, Weirdness & Mutations

You have a pair of horns on your head.
You reflexively headbutt those who attack you in melee.


Message History

The orc hits you but does no damage. x2; The orc hits you with a +0 flail.
The orc hits you with a +0 dagger.
You are too injured to fight recklessly!
You are too injured to fight recklessly!
You are too injured to fight recklessly!
You are too injured to fight recklessly!
You are too injured to fight recklessly!
You slash the orc!
You kill the orc!
Trog accepts your kill. The orc hits you but does no damage.
The iguana attacks as you move away! The iguana bites you.
The orc barely misses you. The iguana attacks as you move away!
The iguana bites you!
* * * LOW HITPOINT WARNING * * *
A red film seems to cover your vision as you go berserk!
You feel yourself moving faster!
You feel mighty! The orc closely misses you.
You closely miss the orc. Your headbutt misses the orc.
The orc hits you but does no damage.
You closely miss the orc. You headbutt the orc!
You kill the orc!
Trog accepts your kill. The iguana barely misses you.
Things that are here:
a +0 flail; a +0 leather armour; an orc corpse You closely miss the iguana.
The iguana bites you.
* * * LOW HITPOINT WARNING * * *
You hit the iguana.
The iguana is moderately wounded.
The iguana bites you!
* * * LOW HITPOINT WARNING * * *
You hit the iguana. Your headbutt misses the iguana.
The iguana is severely wounded.
The iguana barely misses you.
You hit the iguana but do no damage.
The iguana is severely wounded.
You closely miss the iguana.
The iguana is severely wounded.
The iguana bites you!
You die...

......# ......# ......# #
....... # ..... #### ...
... ##)# ##. #l)#
##########..
#@#####..........#
#.##....##..######
#.##.###...## #..
:.#####.##.##..#######.#
.......<......## ##....#
######..####...# #..####
##.........#.###.##
#..#.#####....#..## ##
..##....########.....###.


You could see an iguana.

Vanquished Creatures
  4 adders (D:2)
  A worm (D:2)
  2 dart slugs
  4 orcs (D:3)
  3 ball pythons (D:1)
  2 bats
  4 endoplasms
  A giant cockroach (D:1)
  3 hobgoblins
  6 quokkas
  3 frilled lizards (D:2)
  5 goblins
  5 kobolds
  4 rats
47 creatures vanquished.

Notes
Turn   | Place    | Note
-------+----------+-------------------------------------------
     0 | D:1      | kingsuperguy the Minotaur Berserker began the quest for the
                  | Orb.
     0 | D:1      | Reached XP level 1. HP: 19/19 MP: 0/0
   407 | D:1      | Reached XP level 2. HP: 27/27 MP: 1/1
  1045 | D:1      | Reached ** piety under Trog
  1046 | D:1      | Reached XP level 3. HP: 33/33 MP: 2/2
  1097 | D:1      | Found Xyfeovil's Assorted Antiques.
  1196 | D:2      | HP: 1/33 [poisoned by an adder]
  1623 | D:2      | Reached XP level 4. HP: 25/41 MP: 3/3
  1891 | D:2      | Found a faded altar of an unknown god.
  2370 | D:3      | Slain by an iguana

Illustrated notes

Levels and vault maps discovered:
D:1:      dpeg_arrival_signposts, layout_loops_ring, serial_shops, shop,
          hangedman_decor_points
D:2:      layout_rooms, ebering_ecumenical_altar_hall, serial_aquarium,
          aquarium_bridge_long_separate [aquarium_subvault_window,
          aquarium_subvault_window, aquarium_subvault_bridge,
          aquarium_subvault_wall, aquarium_subvault_window,
          aquarium_subvault_bridge], aquarium_bridge_square
          [aquarium_subvault_balcony, aquarium_subvault_bridge,
          aquarium_subvault_wall, aquarium_subvault_wall],
          aquarium_window_corner, aquarium_window_fake, aquarium_window_1,
          aquarium_window_1, aquarium_view_2c
D:3:      layout_rooms, zin_purify, lightli_sewer_entry_pipes,
          due_unseen_surprise

Skill      XL: |  1  2  3 |
---------------+----------+-----
Long Blades    | 4 |  4.8
Fighting       | 4 |  4.5
Armour         | 3 |  3.2
Dodging        | |  2.8

Action                   |  1- 3 |  4- 6 || total
-------------------------+-------+-------++-------
Melee: Falchion          |    61 |       ||    61
       Headbutt          |     7 |     3 ||    10
       Long sword        |    10 |    36 ||    46
Invok: Berserk           |     1 |     1 ||     2
Armor: Leather armour    |     2 |       ||     2
       Animal skin       |     1 |       ||     1
       Ring mail         |    16 |    12 ||    28
       Chain mail        |     8 |       ||     8
Dodge: Dodged            |    42 |    16 ||    58
